 Dungeon Crawl Stone Soup version 0.20-a0-837-g0f21a4d (webtiles) character file.

256 Laan the Cleaver (level 6, -1/51 HPs)
             Began as a Hill Orc Berserker on Mar 8, 2017.
             Was a Believer of Trog.
             Killed from afar by Dowan (30 damage)
             ... with a shard of ice
             ... on level 4 of the Dungeon.
             The game lasted 00:03:31 (2277 turns).

Laan the Cleaver (Hill Orc Berserker)               Turns: 2277, Time: 00:03:31

Health: -1/51      AC:  9    Str: 22    XL:     6   Next: 16%
Magic:  6/6        EV:  2    Int:  7    God:    Trog [**....]
Gold:   166        SH: 16    Dex: 10    Spells: 5/5 levels left

rFire    . . .     SeeInvis .   a - +0 hand axe
rCold    . . .     Gourm    .   x - +0 chain mail
rNeg     . . .     Faith    .   y - +1 large shield
rPois    +         Spirit   .   q - +0 helmet
rElec    .         Reflect  +   (no cloak)
rCorr    .         Harm     .   (no gloves)
MR       .....                  (no boots)
Stlth    ..........             s - +4 amulet of reflection
Regen    0.2/turn               (no ring)
MPRegen  0.1/turn               e - ring of poison resistance

@: exhausted, slowed, heavily drained, very slow
A: no striking features
a: Berserk, Trog's Hand, Burn Spellbooks, Renounce Religion


You were on level 4 of the Dungeon.
You worshipped Trog.
Trog was pleased with you.
You were very hungry.

You visited 1 branch of the dungeon, and saw 4 of its levels.

You collected 166 gold pieces.

Inventory:

Hand Weapons
 a - a +0 hand axe (weapon)
Armour
 q - a +0 helmet (worn)
 x - a +0 chain mail (worn)
 y - a +1 large shield (worn)
Jewellery
 e - a ring of poison resistance (left hand)
 s - a +4 amulet of reflection (around neck)
Scrolls
 d - a scroll of recharging
 i - a scroll of identify
 k - a scroll of remove curse
Potions
 f - 2 potions of flight {unknown}
 g - a potion of brilliance {unknown}
 h - a potion of heal wounds {unknown}
 j - a potion of curing {unknown}
 o - 2 potions of berserk rage {unknown}
 u - a potion of lignification {unknown}
 w - a potion of mutation {unknown}
Comestibles
 b - a chunk of flesh
 c - 4 bread rations
 l - 8 fruits
 r - a meat ration
 v - a royal jelly


   Skills:
 - Level 3.6(2.2) Fighting
 + Level 8.9(7.2) Axes
 - Level 2.1(0.8) Armour
 - Level 1.5(0.2) Dodging


You had 5 spell levels left.
You didn't know any spells.

Dungeon Overview and Level Annotations

Branches:
Dungeon (4/15)
 Temple: D:4-7

Altars:
Cheibriados
Dithmenos
Okawaru
Trog
Xom

Annotations:
D:4 Dowan


Message History

You feel drained.
You hit Dowan.
Dowan is lightly wounded.
You block Dowan's attack. Dowan hits you but does no damage.
You feel drained.
You completely miss Dowan.
Dowan is lightly wounded.
You block Dowan's attack. Dowan hits you but does no damage.
You feel drained.
You hit Dowan but do no damage.
Dowan is lightly wounded.
Dowan casts a spell.
Dowan blinks!
Dowan points at you and mumbles some strange words.
The stone arrow reflects off an invisible shield around you!
The stone arrow hits Dowan.
You hit Dowan but do no damage.
Dowan is severely wounded.
Dowan casts a spell at you. The shard of ice hits you!
Ouch! That really hurt!
You die...

.......# #.....,*,** *,*****
##+###.###....#*,** *******,*,,,*
#(# #......#.#*** *..,,,,,,,*,,
##.###.###....#######.##**,**,,,*
##_..'.# #.#.###.)......,,,,,,,,*
##.###.# #.#.###.#**#.#***,****,*
#.# #.# #....##.# #.# *,* *,*
##'###.###..#.##.# #.# *,** *,*
.......##<..#..e@####.## *,,* *,*
###...##..#####.....>..# **,* *,*
.....##.#...#...#####..# *,* *,*
..######.##.#.### #..# *,* *,*
#.........#...# #..# *,***,*
##########.#.## #####..# *,,,,,*
#...# #......# *,***** #...#
#.####.# *,* #####...# #.# #.#
*,*


You could see Dowan.

Vanquished Creatures
  Duvessa (D:4)
  A scorpion (D:4)
  Natasha (D:3)
  3 adders
  2 worms
  A dart slug (D:4)
  A leopard gecko (D:4)
  4 bats
  3 giant cockroaches
  3 goblins
  3 hobgoblins
  8 jackals
  3 kobolds
  A quokka (D:3)
  5 frilled lizards
  13 rats
53 creatures vanquished.

Notes
Turn   | Place    | Note
-------+----------+-------------------------------------------
     0 | D:1      | Laan the Hill Orc Berserker began the quest for the Orb.
     0 | D:1      | Reached XP level 1. HP: 19/19 MP: 1/1
    27 | D:1      | You fall through a shaft!
    67 | D:2      | Reached XP level 2. HP: 26/26 MP: 2/2
    68 | D:2      | Reached skill level 5 in Axes
   190 | D:2      | Reached XP level 3. HP: 23/31 MP: 3/3
   212 | D:2      | Found a bloodstained altar of Trog.
   416 | D:1      | Reached ** piety under Trog
  1098 | D:2      | Reached skill level 6 in Axes
  1476 | D:3      | Noticed Natasha
  1479 | D:3      | Killed Natasha
  1479 | D:3      | Reached XP level 4. HP: 39/39 MP: 4/4
  1564 | D:3      | Found a shadowy altar of Dithmenos.
  1842 | D:3      | Reached skill level 7 in Axes
  1917 | D:4      | Found a snail-covered altar of Cheibriados.
  1978 | D:4      | Found a shimmering altar of Xom.
  2051 | D:4      | Reached XP level 5. HP: 43/45 MP: 5/5
  2120 | D:4      | Found an iron altar of Okawaru.
  2254 | D:4      | Noticed Duvessa
  2254 | D:4      | Noticed Dowan
  2264 | D:4      | Killed Duvessa
  2264 | D:4      | Reached skill level 8 in Axes
  2264 | D:4      | Reached XP level 6. HP: 51/51 MP: 6/6
  2277 | D:4      | Killed from afar by Dowan

Vault maps used:
D:1:      scummos_arrival_forest
D:2:      lemuel_crystal_altar
D:3:      nicolae_dithmenos_shadow_blocks, uniq_natasha
D:4:      nicolae_overflow_hidden_temple, kennysheep_slug_shrine,
          lemuel_doored_altar, first_bread, uniq_duvessa

Skill      XL: |  1  2  3  4  5 |
---------------+----------------+-----
Axes           | 5 6 7 8 |  8.9
Fighting       | |  3.6
Armour         | |  2.1
Dodging        | |  1.5

Action                   |  1- 3 |  4- 6 || total
-------------------------+-------+-------++-------
Melee: Hand axe          |    88 |    81 ||   169
Invok: Berserk           |     2 |     1 ||     3
  Use: Scroll            |       |     7 ||     7
  Eat: Chunk             |     3 |     3 ||     6
Armor: Animal skin       |     2 |       ||     2
       Ring mail         |    28 |    16 ||    44
       Chain mail        |       |    15 ||    15
Dodge: Dodged            |    57 |    22 ||    79
Block: Large shield      |       |    18 ||    18
       Reflection        |       |     1 ||     1
